Jets vs Penguins

Created - 16 novembre 2025 at 20:47

Goals
1 2 3 T
Jets 0 2 0 2
Penguins 2 1 0 3
Shots
1 2 3 T
Jets 8 13 7 28
Penguins 10 9 11 30

GoalsPenalties
1st period
1. Penguins , Tyson Kozak 1 (Logan O'Connor 3, David Perron 3) at 0:57
2. Penguins , Dylan Guenther 6 (Danton Heinen 3, Barrett Hayton 9) at 6:57
Emil Lilleberg (PIT) for Hooking (Minor) at 18:55
2nd period
3. Penguins , Dylan Guenther 7 (Barrett Hayton 10) at 1:35
4. Jets , Gustav Nyquist 5 (Reilly Smith 4, Matt Grzelcyk 10) at 13:19
5. Jets , Will Cuylle 6 (Gustav Nyquist 7, Nick Schmaltz 4) at 19:00
Cale Fleury (PIT) for Hooking (Minor) at 7:18
Nicolas Deslauriers (PIT) for Interference (Minor) at 12:11
Henri Jokiharju (WPG) for Hooking (Minor) at 12:11
3rd period
No Goal
Danton Heinen (PIT) for Goalie Interference (Minor) at 1:25
Matt Grzelcyk (WPG) for Hooking (Minor) at 5:16
Goalie Stats
Joseph Woll (WPG), 27 saves from 30 shots - (0,900), L, 6-7-1, 59:00 minutes
Thatcher Demko (PIT), 26 saves from 28 shots - (0,929), W, 6-5-0, 60:00 minutes
3 StarsOfficial
1 - Dylan Guenther (PIT)
2 - Gustav Nyquist (WPG)
3 - Barrett Hayton (PIT)
Referees : Beaudry Halkidis and Mike Duco
Linesman : Kyle Flemington and Travis Gawryletz
Game Note
Tommy Novak is injured at 1:41 of 2nd period (Sprained Left Knee)
Darren Raddysh is injured at 16:13 of 2nd period (Back Spasms)
Nick Schmaltz is injured at 8:08 of 3rd period (Right Hip)
Finance
Level 1 -- Attendance: 5509 (84,75%) -- Ticket Income $661,080
Level 2 -- Attendance: 4995 (99,90%) -- Ticket Income $424,575
Level 3 -- Attendance: 2964 (84,69%) -- Ticket Income $192,660
Level 4 -- Attendance: 2387 (100,00%) -- Ticket Income $107,415
Luxury Box -- Attendance: 994 (99,40%) -- Ticket Income $223,650
Game was played at the Consol Energy Center.
Total Attendance: 16849 (91,64%)
Total Ticket Income: $1,609,380
Other Income: $402,345
Total Income: $2,011,725



Team Name Goals Shots Shots Attemp Shots Blocked PIM HIT PP PK FO%
Jets 2284544180 / 3 (0%)051%
Penguins 3305448300 / 1 (0%)049%

Jets
Player Name POS G A P +/- PIM HIT SHT SB MP PP MP PP SHT PK MP PK SHT FO% FOT
Alexandre TexierC000-1012116:550:0000:4910% 1
Andre BurakovskyLW000-1001012:431:0510:0000% 0
Andreas AthanasiouC000-1000011:420:0000:00067% 3
Conor GarlandRW000-1006018:573:1110:0000% 1
Darren RaddyshD0000000014:321:4600:0000% 0
Dmitry OrlovD0000050025:412:2001:1600% 0
Gustav NyquistC1122013021:072:5700:00050% 6
Henri JokiharjuD000-1200015:580:3700:2800% 0
Jalen ChatfieldD0000000022:153:0001:3100% 0
Justin BarronD000-1011017:411:1100:4300% 0
Mark JankowskiC000-1000010:150:0000:49063% 8
Matt GrzelcykD0110251123:263:0010:0000% 0
Nick SchmaltzC0111001019:062:5700:00044% 27
Oskar SundqvistC000-101109:260:0000:0000% 1
Reilly SmithRW0110022016:493:0001:10050% 2
Sean CouturierC000-1005119:563:0001:10063% 24
Tommy NovakC000-100014:541:0400:00057% 7
Will CuylleLW1011025014:370:3700:0000% 3
Penguins
Player Name POS G A P +/- PIM HIT SHT SB MP PP MP PP SHT PK MP PK SHT FO% FOT
Barrett HaytonC0221032017:580:5301:11054% 24
Cale FleuryD0002250014:520:0000:0000% 0
Cole CaufieldRW0000013018:231:0600:000100% 1
Danton HeinenLW0111213018:200:5310:43050% 4
David PerronLW0110030010:410:0000:0000% 0
Dylan GuentherRW2022016016:230:5300:00067% 3
Emil LillebergD000-1241219:591:0601:2900% 0
Jordan HarrisD0002010016:250:0001:3200% 0
Josh AndersonRW0000001011:580:0004:300100% 1
Kevin KorchinskiD0000022123:500:5313:1100% 0
Logan O'ConnorRW0110012014:200:0004:30038% 8
Matt RoyD0000040123:490:5303:1000% 0
Nick SuzukiC0000013019:231:0600:16053% 19
Nicolas DeslauriersLW000022107:270:0000:00025% 8
Nils LundkvistD000-1000021:031:0602:3200% 0
Patrik LaineLW0000013019:071:0600:0000% 1
Tyson KozakC101000109:500:0000:00050% 14
Zach BensonLW000000208:120:0000:4400% 0



Play-by-Play

1st period


0:01 of 1st period - Nick Schmaltz wins face-off versus Nick Suzuki in neutral zone.
0:03 of 1st period - Dmitry Orlov is hit by Matt Roy and loses puck.
0:23 of 1st period - Icing by Darren Raddysh.
0:24 of 1st period - Barrett Hayton wins face-off versus Nick Schmaltz in Jets zone.
0:27 of 1st period - Shot by Dylan Guenther.
0:27 of 1st period - Stopped by Joseph Woll without a rebound.
0:28 of 1st period - Tyson Kozak wins face-off versus Sean Couturier in Jets zone.
0:45 of 1st period - Shot by David Perron.
0:45 of 1st period - Shot Misses the Net.
0:53 of 1st period - Shot by Logan O'Connor.
0:53 of 1st period - Shot Blocked by Sean Couturier.
0:55 of 1st period - Shot by Logan O'Connor.
0:55 of 1st period - Shot Misses the Net.
0:57 of 1st period - Shot by Tyson Kozak.
0:57 of 1st period - Goal by Tyson Kozak - Jets : 0 - Penguins : 1.
0:58 of 1st period - Tommy Novak wins face-off versus Barrett Hayton in neutral zone.
3:25 of 1st period - Nick Suzuki is hit by Matt Grzelcyk and loses puck.
4:08 of 1st period - Shot by Sean Couturier.
4:08 of 1st period - Stopped by Thatcher Demko without a rebound.
4:09 of 1st period - Reilly Smith wins face-off versus Tyson Kozak in Penguins zone.
4:24 of 1st period - David Perron is hit by Reilly Smith.
4:38 of 1st period - Shot by Logan O'Connor.
4:38 of 1st period - Stopped by Joseph Woll without a rebound.
4:39 of 1st period - Sean Couturier wins face-off versus Nick Suzuki in Jets zone.
5:08 of 1st period - Shot by Conor Garland.
5:08 of 1st period - Stopped by Thatcher Demko without a rebound.
5:09 of 1st period - Barrett Hayton wins face-off versus Nick Schmaltz in Penguins zone.
5:17 of 1st period - Off-side.
5:18 of 1st period - Tyson Kozak wins face-off versus Nick Schmaltz in neutral zone.
5:29 of 1st period - Nick Schmaltz is hit by David Perron and loses puck.
5:45 of 1st period - Nick Schmaltz is hit by Matt Roy and loses puck.
5:52 of 1st period - Shot by Darren Raddysh.
5:52 of 1st period - Shot Blocked by Matt Roy.
6:05 of 1st period - Matt Roy is hit by Dmitry Orlov and loses puck.
6:51 of 1st period - Shot by Patrik Laine.
6:51 of 1st period - Stopped by Joseph Woll without a rebound.
6:52 of 1st period - Barrett Hayton wins face-off versus Oskar Sundqvist in Jets zone.
6:57 of 1st period - Shot by Dylan Guenther.
6:57 of 1st period - Goal by Dylan Guenther - Jets : 0 - Penguins : 2.
6:58 of 1st period - Dylan Guenther wins face-off versus Tommy Novak in neutral zone.
7:05 of 1st period - Shot by Dylan Guenther.
7:05 of 1st period - Stopped by Joseph Woll without a rebound.
7:06 of 1st period - Barrett Hayton wins face-off versus Sean Couturier in Jets zone.
7:10 of 1st period - Icing by Matt Grzelcyk.
7:11 of 1st period - Barrett Hayton wins face-off versus Sean Couturier in Jets zone.
8:30 of 1st period - Shot by Nick Suzuki.
8:30 of 1st period - Stopped by Joseph Woll without a rebound.
8:31 of 1st period - Nicolas Deslauriers wins face-off versus Mark Jankowski in Jets zone.
8:50 of 1st period - Shot by Josh Anderson.
8:50 of 1st period - Shot Misses the Net.
8:52 of 1st period - Shot by Zach Benson.
8:52 of 1st period - Stopped by Joseph Woll without a rebound.
8:53 of 1st period - Tommy Novak wins face-off versus Nick Suzuki in Jets zone.
8:53 of 1st period - Tommy Novak is hit by Patrik Laine.
9:24 of 1st period - Dmitry Orlov is hit by Nick Suzuki and loses puck.
10:46 of 1st period - Off-side.
10:47 of 1st period - Sean Couturier wins face-off versus Logan O'Connor in neutral zone.
10:47 of 1st period - Henri Jokiharju is hit by Logan O'Connor and loses puck.
10:52 of 1st period - Shot by Sean Couturier.
10:52 of 1st period - Stopped by Thatcher Demko with a rebound.
10:54 of 1st period - Shot by Sean Couturier.
10:54 of 1st period - Shot Misses the Net.
10:56 of 1st period - Shot by Sean Couturier.
10:56 of 1st period - Stopped by Thatcher Demko without a rebound.
10:57 of 1st period - Josh Anderson wins face-off versus Mark Jankowski in Penguins zone.
11:20 of 1st period - Oskar Sundqvist is hit by Nicolas Deslauriers and loses puck.
12:03 of 1st period - Shot by Conor Garland.
12:03 of 1st period - Shot Misses the Net.
12:05 of 1st period - Shot by Sean Couturier.
12:05 of 1st period - Stopped by Thatcher Demko without a rebound.
12:06 of 1st period - Nick Suzuki wins face-off versus Will Cuylle in Penguins zone.
12:06 of 1st period - Nick Suzuki is hit by Will Cuylle.
12:09 of 1st period - Icing by Kevin Korchinski.
12:10 of 1st period - Nick Suzuki wins face-off versus Nick Schmaltz in Penguins zone.
12:25 of 1st period - Shot by Gustav Nyquist.
12:25 of 1st period - Shot Misses the Net.
12:27 of 1st period - Shot by Nick Schmaltz.
12:27 of 1st period - Shot Misses the Net.
12:31 of 1st period - Shot by Will Cuylle.
12:31 of 1st period - Stopped by Thatcher Demko without a rebound.
12:32 of 1st period - Tyson Kozak wins face-off versus Sean Couturier in Penguins zone.
12:37 of 1st period - Sean Couturier is hit by David Perron.
13:02 of 1st period - Icing by David Perron.
13:03 of 1st period - Nick Schmaltz wins face-off versus Tyson Kozak in Penguins zone.
13:33 of 1st period - Icing by Nick Schmaltz.
13:34 of 1st period - Nick Suzuki wins face-off versus Nick Schmaltz in Jets zone.
13:50 of 1st period - Nick Schmaltz is hit by Cole Caufield and loses puck.
14:07 of 1st period - Icing by Jalen Chatfield.
14:08 of 1st period - Barrett Hayton wins face-off versus Nick Schmaltz in Jets zone.
14:08 of 1st period - Barrett Hayton is hit by Matt Grzelcyk.
14:38 of 1st period - Shot by Sean Couturier.
14:38 of 1st period - Deflect By Conor Garland.
14:38 of 1st period - Stopped by Thatcher Demko without a rebound.
14:39 of 1st period - Nick Suzuki wins face-off versus Tommy Novak in Penguins zone.
15:51 of 1st period - Conor Garland is hit by Emil Lilleberg.
17:22 of 1st period - Shot by Will Cuylle.
17:22 of 1st period - Shot Misses the Net.
17:34 of 1st period - Shot by Will Cuylle.
17:34 of 1st period - Stopped by Thatcher Demko without a rebound.
17:35 of 1st period - Tommy Novak wins face-off versus Patrik Laine in Penguins zone.
17:35 of 1st period - Dmitry Orlov is hit by Matt Roy and loses puck.
17:46 of 1st period - Shot by Nick Suzuki.
17:46 of 1st period - Shot Blocked by Tommy Novak.
17:48 of 1st period - Shot by Kevin Korchinski.
17:48 of 1st period - Stopped by Joseph Woll without a rebound.
17:49 of 1st period - Sean Couturier wins face-off versus Barrett Hayton in Jets zone.
17:49 of 1st period - Conor Garland is hit by Barrett Hayton and loses puck.
17:58 of 1st period - Shot by Barrett Hayton.
17:58 of 1st period - Shot Misses the Net.
18:00 of 1st period - Shot by Danton Heinen.
18:00 of 1st period - Stopped by Joseph Woll without a rebound.
18:01 of 1st period - Nick Suzuki wins face-off versus Nick Schmaltz in Jets zone.
18:15 of 1st period - Nick Schmaltz is hit by Kevin Korchinski and loses puck.
18:55 of 1st period - Minor Penalty to Emil Lilleberg for Hooking.
18:56 of 1st period - Sean Couturier wins face-off versus Logan O'Connor in Penguins zone.
Goals for this period are 0 for Jets vs 2 for Penguins.
Shots for this period are 8 for Jets vs 10 for Penguins.

2nd period


0:01 of 2nd period - Logan O'Connor wins face-off versus Nick Schmaltz in neutral zone.
0:15 of 2nd period - Logan O'Connor is hit by Dmitry Orlov and loses puck.
0:19 of 2nd period - Josh Anderson is hit by Dmitry Orlov and loses puck.
1:26 of 2nd period - Shot by Cole Caufield.
1:26 of 2nd period - Shot Misses the Net.
1:31 of 2nd period - Off-side.
1:32 of 2nd period - Barrett Hayton wins face-off versus Tommy Novak in neutral zone.
1:35 of 2nd period - Shot by Dylan Guenther.
1:35 of 2nd period - Goal by Dylan Guenther - Jets : 0 - Penguins : 3.
1:36 of 2nd period - Tommy Novak wins face-off versus Barrett Hayton in neutral zone.
1:40 of 2nd period - Tommy Novak is hit by Cale Fleury and loses puck.
1:41 of 2nd period - Tommy Novak from Jets is injured at 1:41 of 2nd period (Sprained Left Knee).
1:42 of 2nd period - Danton Heinen wins face-off versus Nick Schmaltz in Penguins zone.
1:48 of 2nd period - Icing by Henri Jokiharju.
1:49 of 2nd period - Barrett Hayton wins face-off versus Nick Schmaltz in Jets zone.
2:00 of 2nd period - Shot by Danton Heinen.
2:00 of 2nd period - Shot Misses the Net.
2:07 of 2nd period - Nick Schmaltz is hit by Dylan Guenther and loses puck.
3:15 of 2nd period - Shot by Sean Couturier.
3:15 of 2nd period - Stopped by Thatcher Demko with a rebound.
3:44 of 2nd period - Icing by Darren Raddysh.
3:45 of 2nd period - Nick Suzuki wins face-off versus Sean Couturier in Jets zone.
4:02 of 2nd period - Shot by Cole Caufield.
4:02 of 2nd period - Shot Misses the Net.
4:23 of 2nd period - Cole Caufield is hit by Matt Grzelcyk and loses puck.
4:51 of 2nd period - Icing by Cale Fleury.
4:52 of 2nd period - Nick Suzuki wins face-off versus Reilly Smith in Penguins zone.
4:52 of 2nd period - Nick Suzuki is hit by Reilly Smith.
5:05 of 2nd period - Shot by Reilly Smith.
5:05 of 2nd period - Stopped by Thatcher Demko with a rebound.
5:42 of 2nd period - Icing by Kevin Korchinski.
5:43 of 2nd period - Nick Schmaltz wins face-off versus Barrett Hayton in Penguins zone.
5:46 of 2nd period - Shot by Nick Schmaltz.
5:46 of 2nd period - Deflect By Gustav Nyquist.
5:46 of 2nd period - Stopped by Thatcher Demko without a rebound.
5:47 of 2nd period - Nick Schmaltz wins face-off versus Tyson Kozak in Penguins zone.
5:52 of 2nd period - Shot by Will Cuylle.
5:52 of 2nd period - Deflect By Nick Schmaltz.
5:52 of 2nd period - Shot Blocked by Kevin Korchinski.
5:54 of 2nd period - Shot by Will Cuylle.
5:54 of 2nd period - Stopped by Thatcher Demko without a rebound.
5:55 of 2nd period - Nick Schmaltz wins face-off versus Tyson Kozak in Penguins zone.
5:55 of 2nd period - Nick Schmaltz is hit by Kevin Korchinski.
6:14 of 2nd period - Shot by David Perron.
6:14 of 2nd period - Shot Misses the Net.
6:16 of 2nd period - Shot by Logan O'Connor.
6:16 of 2nd period - Stopped by Joseph Woll without a rebound.
6:17 of 2nd period - Sean Couturier wins face-off versus Barrett Hayton in Jets zone.
6:52 of 2nd period - Shot by Dylan Guenther.
6:52 of 2nd period - Stopped by Joseph Woll without a rebound.
6:53 of 2nd period - Nick Schmaltz wins face-off versus Tyson Kozak in Jets zone.
6:53 of 2nd period - Nick Schmaltz is hit by David Perron.
7:08 of 2nd period - Shot by Will Cuylle.
7:08 of 2nd period - Shot Misses the Net.
7:12 of 2nd period - Shot by Will Cuylle.
7:12 of 2nd period - Stopped by Thatcher Demko without a rebound.
7:13 of 2nd period - Mark Jankowski wins face-off versus Nicolas Deslauriers in Penguins zone.
7:13 of 2nd period - Mark Jankowski is hit by Cale Fleury.
7:18 of 2nd period - Minor Penalty to Cale Fleury for Hooking.
7:19 of 2nd period - Nick Schmaltz wins face-off versus Logan O'Connor in Penguins zone.
7:20 of 2nd period - Shot by Conor Garland.
7:20 of 2nd period - Stopped by Thatcher Demko without a rebound.
7:21 of 2nd period - Nick Schmaltz wins face-off versus Logan O'Connor in Penguins zone.
8:20 of 2nd period - Icing by Jalen Chatfield.
8:21 of 2nd period - Sean Couturier wins face-off versus Barrett Hayton in Jets zone.
8:26 of 2nd period - Shot by Andre Burakovsky.
8:26 of 2nd period - Stopped by Thatcher Demko without a rebound.
8:27 of 2nd period - Sean Couturier wins face-off versus Logan O'Connor in Penguins zone.
8:32 of 2nd period - Shot by Matt Grzelcyk.
8:32 of 2nd period - Stopped by Thatcher Demko without a rebound.
8:33 of 2nd period - Logan O'Connor wins face-off versus Sean Couturier in Penguins zone.
9:21 of 2nd period - Icing by Danton Heinen.
9:22 of 2nd period - Dylan Guenther wins face-off versus Will Cuylle in Penguins zone.
11:04 of 2nd period - Nick Suzuki is hit by Oskar Sundqvist.
12:11 of 2nd period - Minor Penalty to Nicolas Deslauriers for Interference.
12:11 of 2nd period - Minor Penalty to Henri Jokiharju for Hooking.
12:12 of 2nd period - Nick Suzuki wins face-off versus Nick Schmaltz in Jets zone.
12:35 of 2nd period - Shot by Nick Schmaltz.
12:35 of 2nd period - Shot Misses the Net.
12:37 of 2nd period - Shot by Nick Schmaltz.
12:37 of 2nd period - Deflect By Reilly Smith.
12:37 of 2nd period - Shot Misses the Net.
13:17 of 2nd period - Shot by Gustav Nyquist.
13:17 of 2nd period - Shot Blocked by Emil Lilleberg.
13:19 of 2nd period - Shot by Gustav Nyquist.
13:19 of 2nd period - Goal by Gustav Nyquist - Jets : 1 - Penguins : 3.
13:20 of 2nd period - Nick Schmaltz wins face-off versus Danton Heinen in neutral zone.
13:37 of 2nd period - Matt Grzelcyk is hit by Danton Heinen.
13:44 of 2nd period - Shot by Gustav Nyquist.
13:44 of 2nd period - Shot Misses the Net.
13:48 of 2nd period - Shot by Gustav Nyquist.
13:48 of 2nd period - Stopped by Thatcher Demko with a rebound.
14:10 of 2nd period - Shot by Reilly Smith.
14:10 of 2nd period - Stopped by Thatcher Demko without a rebound.
14:11 of 2nd period - Sean Couturier wins face-off versus Nicolas Deslauriers in Penguins zone.
14:28 of 2nd period - Shot by Conor Garland.
14:28 of 2nd period - Stopped by Thatcher Demko without a rebound.
14:29 of 2nd period - Mark Jankowski wins face-off versus Nick Suzuki in Penguins zone.
14:55 of 2nd period - Icing by Kevin Korchinski.
14:56 of 2nd period - Sean Couturier wins face-off versus Nick Suzuki in Penguins zone.
14:56 of 2nd period - Matt Grzelcyk is hit by Matt Roy and loses puck.
15:11 of 2nd period - Shot by Nick Suzuki.
15:11 of 2nd period - Stopped by Joseph Woll with a rebound.
15:13 of 2nd period - Shot by Nick Suzuki.
15:13 of 2nd period - Deflect By Cole Caufield.
15:13 of 2nd period - Shot Misses the Net.
15:19 of 2nd period - Shot by Nick Suzuki.
15:19 of 2nd period - Shot Blocked by Alexandre Texier.
15:21 of 2nd period - Shot by Nick Suzuki.
15:21 of 2nd period - Shot Blocked by Matt Grzelcyk.
15:23 of 2nd period - Shot by Matt Roy.
15:23 of 2nd period - Shot Misses the Net.
16:01 of 2nd period - Shot by Josh Anderson.
16:01 of 2nd period - Stopped by Joseph Woll with a rebound.
16:03 of 2nd period - Shot by Zach Benson.
16:03 of 2nd period - Stopped by Joseph Woll with a rebound.
16:05 of 2nd period - Shot by Josh Anderson.
16:05 of 2nd period - Shot Misses the Net.
16:07 of 2nd period - Shot by Nicolas Deslauriers.
16:07 of 2nd period - Stopped by Joseph Woll without a rebound.
16:08 of 2nd period - Nick Schmaltz wins face-off versus Barrett Hayton in Jets zone.
16:12 of 2nd period - Darren Raddysh is hit by Emil Lilleberg and loses puck.
16:13 of 2nd period - Darren Raddysh from Jets is injured at 16:13 of 2nd period (Back Spasms).
16:14 of 2nd period - Nick Schmaltz wins face-off versus Danton Heinen in Penguins zone.
16:18 of 2nd period - Will Cuylle is hit by Emil Lilleberg.
16:28 of 2nd period - Shot by Nick Schmaltz.
16:28 of 2nd period - Shot Misses the Net.
16:33 of 2nd period - Icing by Nils Lundkvist.
16:34 of 2nd period - Barrett Hayton wins face-off versus Nick Schmaltz in Penguins zone.
16:51 of 2nd period - Shot by Dylan Guenther.
16:51 of 2nd period - Shot Misses the Net.
17:44 of 2nd period - Shot by Cole Caufield.
17:44 of 2nd period - Stopped by Joseph Woll without a rebound.
17:45 of 2nd period - Sean Couturier wins face-off versus Tyson Kozak in Jets zone.
17:49 of 2nd period - Off-side.
17:50 of 2nd period - Sean Couturier wins face-off versus Tyson Kozak in neutral zone.
17:52 of 2nd period - Matt Grzelcyk is hit by Cale Fleury and loses puck.
18:07 of 2nd period - Jordan Harris is hit by Dmitry Orlov and loses puck.
19:00 of 2nd period - Shot by Will Cuylle.
19:00 of 2nd period - Goal by Will Cuylle - Jets : 2 - Penguins : 3.
19:01 of 2nd period - Barrett Hayton wins face-off versus Nick Schmaltz in neutral zone.
19:42 of 2nd period - Shot by Barrett Hayton.
19:42 of 2nd period - Shot Misses the Net.
19:44 of 2nd period - Shot by Danton Heinen.
19:44 of 2nd period - Stopped by Joseph Woll without a rebound.
19:45 of 2nd period - Mark Jankowski wins face-off versus Nick Suzuki in Jets zone.
Goals for this period are 2 for Jets vs 1 for Penguins.
Shots for this period are 13 for Jets vs 9 for Penguins.

3rd period


0:01 of 3rd period - Cole Caufield wins face-off versus Nick Schmaltz in neutral zone.
0:01 of 3rd period - Cole Caufield is hit by Will Cuylle.
0:16 of 3rd period - Nick Suzuki is hit by Matt Grzelcyk and loses puck.
0:21 of 3rd period - Shot by Patrik Laine.
0:21 of 3rd period - Stopped by Joseph Woll with a rebound.
0:25 of 3rd period - Shot by Nick Suzuki.
0:25 of 3rd period - Deflect By Patrik Laine.
0:25 of 3rd period - Stopped by Joseph Woll without a rebound.
0:26 of 3rd period - Sean Couturier wins face-off versus Barrett Hayton in Jets zone.
0:26 of 3rd period - Sean Couturier is hit by Barrett Hayton.
0:46 of 3rd period - Shot by Nils Lundkvist.
0:46 of 3rd period - Shot Misses the Net.
0:56 of 3rd period - Shot by Sean Couturier.
0:56 of 3rd period - Shot Misses the Net.
1:22 of 3rd period - Nick Schmaltz is hit by Barrett Hayton.
1:25 of 3rd period - Minor Penalty to Danton Heinen for Goalie Interference.
1:26 of 3rd period - Logan O'Connor wins face-off versus Nick Schmaltz in Penguins zone.
1:47 of 3rd period - Shot by Conor Garland.
1:47 of 3rd period - Shot Misses the Net.
3:25 of 3rd period - Shot by Nick Schmaltz.
3:25 of 3rd period - Stopped by Thatcher Demko with a rebound.
3:36 of 3rd period - Andreas Athanasiou is hit by Jordan Harris and loses puck.
3:47 of 3rd period - Shot by Cole Caufield.
3:47 of 3rd period - Stopped by Joseph Woll without a rebound.
3:48 of 3rd period - Barrett Hayton wins face-off versus Will Cuylle in Jets zone.
3:49 of 3rd period - Shot by Dylan Guenther.
3:49 of 3rd period - Deflect By Barrett Hayton.
3:49 of 3rd period - Stopped by Joseph Woll without a rebound.
3:50 of 3rd period - Nick Schmaltz wins face-off versus Dylan Guenther in Jets zone.
4:51 of 3rd period - Shot by Patrik Laine.
4:51 of 3rd period - Deflect By Cole Caufield.
4:51 of 3rd period - Shot Misses the Net.
5:03 of 3rd period - Shot by Patrik Laine.
5:03 of 3rd period - Shot Misses the Net.
5:05 of 3rd period - Shot by Nick Suzuki.
5:05 of 3rd period - Shot Misses the Net.
5:07 of 3rd period - Shot by Emil Lilleberg.
5:07 of 3rd period - Stopped by Joseph Woll without a rebound.
5:08 of 3rd period - Nicolas Deslauriers wins face-off versus Conor Garland in Jets zone.
5:16 of 3rd period - Minor Penalty to Matt Grzelcyk for Hooking.
5:17 of 3rd period - Sean Couturier wins face-off versus Nick Suzuki in Jets zone.
6:01 of 3rd period - Nick Suzuki is hit by Alexandre Texier and loses puck.
6:22 of 3rd period - Shot by Alexandre Texier.
6:22 of 3rd period - Stopped by Thatcher Demko without a rebound.
6:23 of 3rd period - Sean Couturier wins face-off versus Barrett Hayton in Penguins zone.
6:42 of 3rd period - Shot by Kevin Korchinski.
6:42 of 3rd period - Stopped by Joseph Woll with a rebound.
6:44 of 3rd period - Shot by Danton Heinen.
6:44 of 3rd period - Stopped by Joseph Woll without a rebound.
6:45 of 3rd period - Mark Jankowski wins face-off versus Barrett Hayton in Jets zone.
6:57 of 3rd period - Icing by Dylan Guenther.
6:58 of 3rd period - Barrett Hayton wins face-off versus Sean Couturier in Penguins zone.
7:11 of 3rd period - Shot by Kevin Korchinski.
7:11 of 3rd period - Shot Hit the Post.
7:20 of 3rd period - Icing by Gustav Nyquist.
7:21 of 3rd period - Gustav Nyquist wins face-off versus Nicolas Deslauriers in Jets zone.
7:43 of 3rd period - Will Cuylle is hit by Cale Fleury and loses puck.
8:07 of 3rd period - Nick Schmaltz is hit by Nicolas Deslauriers and loses puck.
8:08 of 3rd period - Nick Schmaltz from Jets is injured at 8:08 of 3rd period (Right Hip).
8:09 of 3rd period - Nick Suzuki wins face-off versus Sean Couturier in neutral zone.
8:12 of 3rd period - Shot by Cole Caufield.
8:12 of 3rd period - Shot Misses the Net.
8:37 of 3rd period - Off-side.
8:38 of 3rd period - Tyson Kozak wins face-off versus Gustav Nyquist in neutral zone.
8:40 of 3rd period - Logan O'Connor is hit by Matt Grzelcyk and loses puck.
9:08 of 3rd period - Icing by Logan O'Connor.
9:09 of 3rd period - Tyson Kozak wins face-off versus Sean Couturier in Penguins zone.
9:46 of 3rd period - Shot by Conor Garland.
9:46 of 3rd period - Deflect By Alexandre Texier.
9:46 of 3rd period - Stopped by Thatcher Demko without a rebound.
9:47 of 3rd period - Nick Suzuki wins face-off versus Gustav Nyquist in Penguins zone.
10:18 of 3rd period - Shot by Cole Caufield.
10:18 of 3rd period - Stopped by Joseph Woll without a rebound.
10:19 of 3rd period - Danton Heinen wins face-off versus Mark Jankowski in Jets zone.
10:34 of 3rd period - Shot by Mark Jankowski.
10:34 of 3rd period - Shot Misses the Net.
11:02 of 3rd period - Shot by Dylan Guenther.
11:02 of 3rd period - Stopped by Joseph Woll with a rebound.
11:33 of 3rd period - Shot by Nick Suzuki.
11:33 of 3rd period - Stopped by Joseph Woll without a rebound.
11:34 of 3rd period - Gustav Nyquist wins face-off versus Nicolas Deslauriers in Jets zone.
12:12 of 3rd period - Josh Anderson is hit by Dmitry Orlov and loses puck.
12:47 of 3rd period - Shot by Patrik Laine.
12:47 of 3rd period - Shot Misses the Net.
12:58 of 3rd period - Matt Roy is hit by Justin Barron and loses puck.
13:53 of 3rd period - Shot by Mark Jankowski.
13:53 of 3rd period - Deflect By Oskar Sundqvist.
13:53 of 3rd period - Stopped by Thatcher Demko without a rebound.
13:54 of 3rd period - Tyson Kozak wins face-off versus Andreas Athanasiou in Penguins zone.
13:54 of 3rd period - Tyson Kozak is hit by Gustav Nyquist.
13:57 of 3rd period - Icing by David Perron.
13:58 of 3rd period - Tyson Kozak wins face-off versus Gustav Nyquist in Penguins zone.
15:05 of 3rd period - Shot by Alexandre Texier.
15:05 of 3rd period - Shot Blocked by Emil Lilleberg.
15:22 of 3rd period - Off-side.
15:23 of 3rd period - Mark Jankowski wins face-off versus Nick Suzuki in neutral zone.
16:32 of 3rd period - Shot by Conor Garland.
16:32 of 3rd period - Stopped by Thatcher Demko with a rebound.
16:34 of 3rd period - Shot by Justin Barron.
16:34 of 3rd period - Stopped by Thatcher Demko without a rebound.
16:35 of 3rd period - Andreas Athanasiou wins face-off versus Nicolas Deslauriers in Penguins zone.
16:35 of 3rd period - Andreas Athanasiou is hit by Cale Fleury.
16:40 of 3rd period - Icing by Jordan Harris.
16:41 of 3rd period - Andreas Athanasiou wins face-off versus Nicolas Deslauriers in Penguins zone.
17:54 of 3rd period - Off-side.
17:55 of 3rd period - Barrett Hayton wins face-off versus Alexandre Texier in neutral zone.
18:00 of 3rd period - Shot by Dylan Guenther.
18:00 of 3rd period - Deflect By Barrett Hayton.
18:00 of 3rd period - Stopped by Joseph Woll without a rebound.
18:01 of 3rd period - Gustav Nyquist wins face-off versus Nick Suzuki in Jets zone.
18:50 of 3rd period - Shot by Conor Garland.
18:50 of 3rd period - Stopped by Thatcher Demko without a rebound.
18:51 of 3rd period - Sean Couturier wins face-off versus Barrett Hayton in Penguins zone.
19:00 of 3rd period - Jets, Joseph Woll is pulled from the net.
19:13 of 3rd period - Conor Garland is hit by Emil Lilleberg and loses puck.
Goals for this period are 0 for Jets vs 0 for Penguins.
Shots for this period are 7 for Jets vs 11 for Penguins.